 Dungeon Crawl Stone Soup version 0.18.1-8-gdd0e5ea (webtiles) character file.

14121 mrath the Chucker (level 11, -1/109 HPs)
             Began as a Troll Hunter on June 7, 2016.
             Was a High Priest of Okawaru.
             Slain by Rupert
             ... wielding a +3 battleaxe of chopping
              (32 damage)
             ... while paralysed by Rupert
             ... on level 3 of the Lair of Beasts.
             The game lasted 01:24:18 (14280 turns).

mrath the Chucker (Troll Hunter)                   Turns: 14280, Time: 01:24:19

Health: -1/109     AC:  8    Str: 22    XL:     11   Next: 84%
Magic:  9/15       EV:  1    Int:  7    God:    Okawaru [*****.]
Gold:   690        SH:  0    Dex: 13    Spells: 0 memorised, 10 levels left

rFire  . . .     SeeInvis .       - Unarmed
rCold  . . .     Gourm    +     d - +0 animal skin
rNeg   . . .     Faith    .     (no shield)
rPois  .         Spirit   .     t - +1 hat
rElec  .         Dismiss  .     D - +1 cloak
rCorr  .         Reflect  .     (gloves unavailable)
SustAt .         Harm     .     (boots unavailable)
MR     .....                    (no amulet)
Stlth  ++++......               O - ring of stealth
                                y - +5 ring of evasion

@: paralysed, heroism, finesse, not resistant to hostile enchantments, stealthy
A: unfitting armour, claws 3, fast metabolism 3, gourmand, regeneration 2,
shaggy fur 1, tough skin 2
a: Heroism, Finesse, Renounce Religion


You were on level 3 of the Lair of Beasts.
You worshipped Okawaru.
Okawaru was extremely pleased with you.
You were very full.

You visited 2 branches of the dungeon, and saw 12 of its levels.

You collected 740 gold pieces.
You spent 50 gold pieces at shops.

Inventory:

Hand Weapons
 b - a +1 hunting sling
 W - a +0 blowgun
 Z - a +1 hunting sling of flaming
Missiles
 g - 163 sling bullets
 n - 7 needles of sleeping
 s - 15 poisoned needles
 P - 2 needles of confusion
 S - 9 tomahawks (quivered)
 U - 2 throwing nets
 V - 2 javelins of penetration
Armour
 d - a +0 animal skin (worn)
 t - a +1 hat (worn)
 D - a +1 cloak (worn)
Magical Staves
 c - an uncursed staff of cold
Jewellery
 h - an uncursed ring of resist corrosion
 y - a +5 ring of evasion (left claw)
 F - a +2 ring of intelligence
 O - a ring of stealth (right claw)
Wands
 a - a wand of slowing (17/48)
 E - a wand of digging (3/24)
Scrolls
 j - 5 scrolls of teleportation
 l - a scroll of magic mapping {unknown}
 p - 8 scrolls of identify
 v - 2 scrolls of fear
 w - 3 scrolls of remove curse
Potions
 e - a potion of invisibility
 i - 4 potions of curing
 k - 3 potions of lignification
 m - 2 potions of berserk rage
 G - 7 potions of heal wounds
 M - a potion of cure mutation
 Q - a potion of flight
Comestibles
 f - 2 bread rations
 o - 8 fruits


   Skills:
 + Level 7.4(12.4) Fighting
 + Level 7.6(12.6) Throwing
 + Level 6.0(11.0) Dodging
 + Level 5.1(10.1) Stealth
 + Level 7.2(12.2) Unarmed Combat
 + Level 6.7 Invocations
 + Level 4.5 Evocations


You had 10 spell levels left.
You didn't know any spells.

Dungeon Overview and Level Annotations

Branches:
Dungeon (9/15)             Temple (0/1) D:4            Lair (3/8) D:9
  Swamp: Lair:3-6    Shoals: Lair:3-6     Snake: Lair:3-6    Spider: Lair:3-6
    Orc: D:9-12

Altars:
Dithmenos
Elyvilon
Kikubaaqudgha
Okawaru
Qazlal
Ru
Trog
Yredelemnul
Zin
The Shining One

Shops:
D:5 !

Annotations:
D:6 2 runed doors
Lair:3 Nergalle, Rupert


Innate Abilities, Weirdness & Mutations

You are too large for most types of armour.
You have claws for hands.
Your metabolism is lightning-fast.
You like to eat raw meat.
You heal very quickly.
You are covered in fur (AC +1).
You have very tough skin (AC +2).


Message History

Press: ? - help, Shift-Dir - straight line, f/p - Rupert
Aim: Rupert, wielding a battleaxe of chopping and wearing a ring mail (moderately wounded)
You throw a large rock. The large rock barely misses Rupert.
You barely miss Rupert.
Rupert is moderately wounded.
You scratch Rupert but do no damage.
Rupert is moderately wounded.
You scratch Rupert.
Rupert is moderately wounded.
Rupert yells loudly at you.
You suddenly lose the ability to move!
Rupert roars madly and goes into a rage!
Rupert goes berserk!
Rupert hits you with a battleaxe of chopping! x2
Rupert hits you with a battleaxe of chopping!!
Rupert completely misses you.
Rupert hits you with a battleaxe of chopping!
* * * LOW HITPOINT WARNING * * *
Rupert hits you with a battleaxe of chopping!!
You die...

#.......# ### #.......# #
#.......# # ##.#....## #####
###.#...# #.#.. ###...# ##....
### ##...###### #.....
###.####.#..#...P# #.....
##...P#P.......@.# ##....
#............P#.@## $. # ###..
##............##...# ...#.####..#
#....#.............(...).........
##..)###....<..#....(..........P.
##.#.#####...#..................
#.### #............(..#.......
### ##....#...#...# #.......
#P...........# #.......


You could see Rupert (berserk).

Vanquished Creatures
  Gastronok (Lair:1)
  Harold (Lair:2)
  3 spiny frogs
  Joseph (D:9)
  A komodo dragon (Lair:3)
  A polar bear (Lair:2)
  3 blink frogs (Lair:2)
  Eustachio (D:5)
  A wyvern (D:8)
  21 yaks
  3 hippogriffs
  7 water moccasins
  3 orc warriors
  2 porcupines (Lair:1)
  2 sky beasts
  An eye of draining (D:7)
  3 ice beasts
  A wasp (D:9)
  4 phantoms
  6 ogres
  3 wolves (Lair:1)
  4 centaurs
  6 crocodiles
  A big kobold (D:9)
  Blork the orc (D:5)
  4 giant frogs
  2 scorpions (D:8)
  A water moccasin skeleton (D:4)
  3 wights (D:9)
  2 howler monkeys
  8 crimson imps (D:9)
  2 giant frog skeletons
  A jelly (D:8)
  5 orc priests
  4 hounds
  3 iguanas
  10 orc wizards
  6 worker ants
  2 hound skeletons
  A howler monkey zombie (D:7)
  2 worker ant zombies (D:8)
  3 gnolls (D:9)
  14 adders
  14 river rats
  2 shadow imps
  2 white imps (D:9)
  An ooze (D:3)
  A worm (D:3)
  3 dart slugs
  4 giant geckos
  32 orcs
  5 giant cockroaches
  7 goblins
  6 hobgoblins
  10 jackals
  12 kobolds
  4 quokkas
  2 ball pythons
  8 bats
  2 giant newts
  2 jackal skeletons
  4 rats
275 creatures vanquished.

Vanquished Creatures (others)
  An orc wizard (D:4)
  An orc (D:4)
  A fungus (Lair:3)
  2 plants (Lair:2)
5 creatures vanquished.

Grand Total: 280 creatures vanquished

Notes
Turn   | Place    | Note
--------------------------------------------------------------
     0 | D:1      | mrath the Troll Hunter began the quest for the Orb.
     0 | D:1      | Reached XP level 1. HP: 19/19 MP: 0/0
   421 | D:1      | Reached XP level 2. HP: 27/28 MP: 1/1
  1279 | D:2      | Found a bloodstained altar of Trog.
  1279 | D:2      | Found a stormy altar of Qazlal.
  1280 | D:2      | Found an iron altar of Okawaru.
  1288 | D:2      | Became a worshipper of Warmaster Okawaru
  1349 | D:2      | Reached XP level 3. HP: 33/36 MP: 2/2
  2229 | D:3      | Noticed an ogre
  2312 | D:2      | Reached XP level 4. HP: 41/45 MP: 3/3
  2614 | D:2      | Reached skill level 1 in Invocations
  2680 | D:3      | Reached XP level 5. HP: 53/53 MP: 3/5
  2936 | D:3      | Reached skill level 1 in Unarmed Combat
  2978 | D:3      | Found a sacrificial altar of Ru.
  2996 | D:3      | Reached skill level 1 in Stealth
  3601 | D:4      | Found a staircase to the Ecumenical Temple.
  3666 | D:3      | Reached XP level 6. HP: 31/61 MP: 6/6
  4054 | D:4      | Reached * piety under Okawaru
  4171 | D:4      | Reached XP level 7. HP: 14/68 MP: 7/7
  5076 | D:5      | Entered Level 5 of the Dungeon
  5363 | D:5      | Noticed Blork the orc
  5369 | D:5      | Killed Blork the orc
  5369 | D:5      | Reached ** piety under Okawaru
  5371 | D:5      | Noticed Eustachio
  5420 | D:4      | Reached XP level 8. HP: 37/79 MP: 7/9
  5578 | D:5      | Killed Eustachio
  5578 | D:5      | Reached skill level 5 in Fighting
  5578 | D:5      | Reached skill level 5 in Throwing
  5712 | D:5      | Found Soker's Distillery.
  5862 | D:5      | Bought a potion of heal wounds for 50 gold pieces
  5902 | D:5      | Found a basalt altar of Yredelemnul.
  6656 | D:6      | Found a runed door.
  6695 | D:6      | Found a runed door.
  6823 | D:6      | Reached skill level 1 in Evocations
  6831 | D:6      | Reached XP level 9. HP: 76/88 MP: 11/11
  6854 | D:6      | Found a shadowy altar of Dithmenos.
  7334 | D:7      | Reached *** piety under Okawaru
  8994 | D:8      | Found a glowing golden altar of the Shining One.
  8994 | D:8      | Found a white marble altar of Elyvilon.
  8994 | D:8      | Found a glowing silver altar of Zin.
  9179 | D:9      | Found a staircase to the Lair.
  9455 | D:8      | Reached XP level 10. HP: 73/98 MP: 9/12
  9459 | D:8      | Reached skill level 5 in Invocations
  9671 | D:9      | Reached **** piety under Okawaru
  9803 | D:9      | Reached skill level 5 in Unarmed Combat
 10187 | D:9      | Noticed Joseph
 10196 | D:9      | Killed Joseph
 10196 | D:9      | Received a gift from Okawaru
 10390 | D:9      | Found an ancient bone altar of Kikubaaqudgha.
 10593 | Lair:1   | Entered Level 1 of the Lair of Beasts
 11128 | Lair:1   | Noticed a spiny frog
 11133 | Lair:1   | Killed a spiny frog
 11133 | Lair:1   | Reached skill level 5 in Dodging
 11305 | Lair:1   | Received a gift from Okawaru
 11380 | Lair:1   | Noticed a spiny frog
 11385 | Lair:1   | Killed a spiny frog
 11526 | Lair:1   | Noticed Gastronok
 11552 | Lair:1   | Killed Gastronok
 11552 | Lair:1   | Received a gift from Okawaru
 11552 | Lair:1   | Reached XP level 11. HP: 107/107 MP: 12/14
 12485 | Lair:2   | Reached ***** piety under Okawaru
 12517 | Lair:2   | Noticed Harold
 13107 | Lair:2   | Killed Harold
 13107 | Lair:2   | Received a gift from Okawaru
 13392 | D:9      | Reached skill level 5 in Stealth
 13937 | Lair:3   | Noticed Rupert
 13989 | Lair:3   | Noticed Nergalle
 14266 | Lair:3   | Paralysed by Rupert for 3 turns
 14274 | Lair:3   | Paralysed by Rupert for 6 turns
 14280 | Lair:3   | Slain by Rupert

Skill      XL: |  1  2  3  4  5  6  7  8  9 10 11 |
---------------+----------------------------------+-----
Fighting       | 2 3 4 5 6 7 |  7.4
Invocations    | 1 2 3 4 6 |  6.7
Throwing       | 4 5 6 7 |  7.6
Unarmed Combat | 1 2 3 4 6 7 |  7.2
Stealth        | 1 2 3 4 5 |  5.1
Dodging        | 2 3 4 5 6 |  6.0
Evocations     | 1 2 3 4 |  4.5

Action                   |  1- 3 |  4- 6 |  7- 9 | 10-12 || total
-------------------------+-------+-------+-------+-------++-------
Melee: Unarmed           |   131 |   145 |   332 |   365 ||   973
       Short sword       |     6 |       |       |       ||     6
       Punch             |       |     1 |     3 |    14 ||    18
 Fire: Hunting sling     |       |    14 |    11 |       ||    25
Throw: Large rock        |     1 |    12 |    45 |    52 ||   110
       Tomahawk          |       |       |    15 |    10 ||    25
       Throwing net      |       |       |     4 |     3 ||     7
       Javelin           |       |       |       |     5 ||     5
Invok: Heroism           |       |       |    11 |    21 ||    32
       Finesse           |       |       |       |     1 ||     1
  Use: Scroll            |     3 |       |     5 |     6 ||    14
       Potion            |       |       |     2 |       ||     2
 Stab: Sleeping          |     1 |       |     4 |     3 ||     8
       Paralysed         |       |     1 |       |       ||     1
       Distracted        |       |       |     1 |       ||     1
       Held in net/web   |       |       |       |     3 ||     3
  Eat: Chunk             |    22 |    21 |    49 |    45 ||   137
Armor: Robe              |    50 |    75 |   140 |    66 ||   331
       Animal skin       |       |       |       |     8 ||     8
Dodge: Dodged            |    61 |    83 |   163 |   238 ||   545
